 Dungeon Crawl Stone Soup version 0.29-a0-121-g8efb068a30 (webtiles) character file.

Game seed: 4068984380163860605

6792 siradein the Ruffian (level 10, -2/100 HPs)
             Began as a Troll Fighter on Feb 21, 2022.
             Was an Initiate of Qazlal.
             Slain by a troll (13 damage)
             ... on level 9 of the Dungeon.
             The game lasted 00:25:45 (6591 turns).

siradein the Ruffian (Troll Fighter)                Turns: 6591, Time: 00:25:46

Health: -2/100     AC:  8    Str: 26    XL:     10   Next: 76%
Magic:  11/11      EV: 11    Int:  4    God:    Qazlal [......]
Gold:   379        SH:  9    Dex: 13    Spells: 9/9 levels left

rFire   . . .      SeeInvis +     - Unarmed
rCold   . . .      Faith    .   b - +0 kite shield
rNeg    . . .      Spirit   .   y - +0 steam dragon scales
rPois   .          Reflect  .   (helmet restricted)
rElec   .          Harm     .   m - +0 cloak
rCorr   .          Rampage  .   (gloves unavailable)
Will    .....                   (boots unavailable)
Stlth   +.........              B - amulet of regeneration
HPRegen 1.86/turn               k - ring of flight
MPRegen 0.12/turn               H - ring of see invisible

@: marked, flying
A: large, unfitting armour, claws 3, regeneration 1, shaggy fur 1, tough skin 1
a: Renounce Religion


You were on level 9 of the Dungeon.
You worshipped Qazlal.
Qazlal was noncommittal.
You visited 2 branches of the dungeon, and saw 10 of its levels.

You collected 379 gold pieces.

Inventory:

Hand Weapons
 q - a +0 hunting sling
Missiles
 f - 3 javelins
 i - 30 sling bullets
 l - 124 stones
 n - 13 poisoned darts (quivered)
 r - 4 large rocks
 s - 6 datura-tipped darts
 A - 5 atropa-tipped darts
Armour
 b - a +0 kite shield (worn)
 m - a +0 cloak (worn)
 y - +0 steam dragon scales (worn)
Jewellery
 a - a ring of ice
 k - a ring of flight (left claw)
 B - an amulet of regeneration (around neck)
 H - a ring of see invisible (right claw)
Wands
 w - a wand of iceblast (15)
 x - a wand of charming (11)
 G - a wand of flame (21)
Scrolls
 e - a scroll of silence {unknown}
 g - 4 scrolls of enchant weapon
 h - 5 scrolls of teleportation {unknown}
 j - a scroll of fear {unknown}
 t - 4 scrolls of magic mapping {unknown}
 u - a scroll of vulnerability {unknown}
 v - a scroll of enchant armour {unknown}
 C - a scroll of blinking {unknown}
 J - a scroll of fog {unknown}
 K - 2 scrolls of noise {unknown}
Potions
 c - a potion of might
 d - 2 potions of brilliance
 o - a potion of heal wounds
 p - 4 potions of curing
 z - a potion of cancellation {unknown}
 D - 4 potions of haste {unknown}
 E - a potion of ambrosia {unknown}
 F - a potion of mutation {unknown}
 I - a potion of berserk rage {unknown}


   Skills:
 + Level 6.3 Fighting
 + Level 6.2 Throwing
 + Level 3.3 Armour
 + Level 6.3 Dodging
 + Level 6.3 Shields
 + Level 7.3 Unarmed Combat
 + Level 2.8 Invocations


You had 9 spell levels left.
You didn't know any spells.
Your spell library contained the following spells:

 Spells                   Type           Power      Damage    Failure   Level
 Animate Skeleton         Necr           0%         N/A       77%         1
 Pain                     Necr           0%         1d4       77%         1
 Static Discharge         Conj/Air       0%         N/A       88%         2
 Conjure Flame            Conj/Fire      0%         6-21      98%         3
 Ignite Poison            Fire/Tmut/Pois 0%         N/A       98%         3
 Vampiric Draining        Necr           0%         2d6       98%         3
 Dispel Undead            Necr           0%         3d6       100%        4
 Sticky Flame             Conj/Fire      0%         2d3       100%        4
 Borgnjor's Revivificati  Necr           0%         N/A       100%        8
 Necromutation            Tmut/Necr      0%         N/A       100%        8
 Chain Lightning          Conj/Air       0%         N/A       100%        9
 Death's Door             Necr           0%         N/A       100%        9
 Fire Storm               Conj/Fire      0%         5d1       100%        9
 Shatter                  Erth           0%         3d5*      100%        9


Dungeon Overview and Level Annotations

Branches:
Dungeon (9/15)             Temple (1/1) D:5
   Lair: D:8-11         Orc: D:9-12

Altars:
Ashenzari
Cheibriados
Dithmenos
Elyvilon
Fedhas
Hepliaklqana
Kikubaaqudgha
Makhleb
Okawaru
Qazlal
Ru
Sif Muna
Trog
Uskayaw
Vehumet
Wu Jian
Xom
Yredelemnul
Zin
The Shining One

Shops:
D:5 *   D:9 (

Annotations:
D:9 Grum, Harold


Innate Abilities, Weirdness & Mutations

You are too large for most types of armour.
You have claws for hands.
Your natural rate of healing is unusually fast.
You are covered in fur. (AC +1)
You have tough skin. (AC +1)


Message History

You tear a large gash into the net.
Harold casts a spell at you. The mark upon you grows brighter.
You rip the net and break free!
Harold drinks a potion.
Harold is healed!
A troll comes into view.
Harold fires a harpoon shot at you. The harpoon shot hits you!
You are yanked forward by the harpoon shot.
Harold fires a harpoon shot at you. You block the harpoon shot.
Unknown command.
The troll bites you! You block the troll's attack. The troll claws you.
You completely miss the troll.
Harold looks more healthy.
Grum the Hunter comes into view.
He is wielding a -1 halberd and carrying a wand of flame (6).
The troll bites you. The troll barely misses you. The troll closely misses you.
Harold hits you with a +1 short sword of electrocution.
You are electrocuted!
You barely miss the troll.
Grum grunts, "You look like good eating."
Grum drinks a potion.
Grum suddenly seems more resistant.
You block the troll's attack. The troll claws you.
The troll claws you but does no damage.
Harold hits you with a +1 short sword of electrocution!
You scratch the troll.
The troll is lightly wounded.
You block the troll's attack. The troll claws you! The troll barely misses you.
You claw the troll!
The troll is moderately wounded.
Harold hits you with a +1 short sword of electrocution!
* * * LOW HITPOINT WARNING * * *
You closely miss the troll.
The troll is moderately wounded.
The troll closely misses you. The troll misses you.
The troll barely misses you.
Harold hits you with a +1 short sword of electrocution!!
* * * LOW HITPOINT WARNING * * *
You claw the troll!
The troll is heavily wounded.
The troll bites you!
You die...

### #<# #.#
#.#######################
#†#.....T@@hhZg...(((....
#.#'##################### #....#
#..............# ##
########....###.############.###.
............'...............[....
....##......###.############'#'#.
....##........#.# #......
....##....###'#+### #......
....##....#.......# #......


You could see Harold, Grum (resistant), a troll, 2 wolves and a centaur warrior
zombie.

Vanquished Creatures
  A two-headed ogre (D:8)
  A kobold demonologist (D:7)
  Maggie (D:6)
  2 trolls (D:9)
  Sigmund (D:2)
  A wyvern (D:7)
  12 yaks (D:9)
  Eustachio (D:5)
  A steam dragon (D:7)
  Menkaure (D:5)
  Edmund (D:5)
  2 water moccasins
  An orc warrior (D:5)
  2 hornet zombies (D:8)
  An ogre (D:5)
  A necrophage (D:5)
  A centaur (D:8)
  A phantom (D:5)
  A kobold brigand (D:5)
  4 bullfrogs
  A gnoll sergeant (D:7)
  2 scorpions (D:7)
  9 wights
  3 howler monkeys (D:7)
  A vampire bat (D:5)
  A bullfrog zombie (D:6)
  A centaur zombie (D:9)
  2 jellies
  4 hounds
  A bullfrog skeleton (D:5)
  2 centaur skeletons
  Natasha (thrice) (D:3)
  3 iguanas
  6 orc wizards (D:5)
  A hound skeleton (D:4)
  Robin (D:1)
  5 gnolls (D:7)
  4 adders
  A howler monkey skeleton (D:6)
  2 shadow imps
  3 white imps
  An ufetubus (D:5)
  A worm (D:2)
  4 dart slugs
  3 fire bats (D:5)
  16 orcs
  2 spectral bats (D:5)
  13 bats
  3 bat skeletons (D:5)
  A bat zombie (D:5)
  5 endoplasms
  5 giant cockroaches
  11 goblins
  9 hobgoblins
  3 jackals (D:1)
  A quokka (D:1)
  5 ball pythons
  A bat simulacrum (D:5)
  6 frilled lizards
  8 kobolds
  6 rats
197 creatures vanquished.

Vanquished Creatures (others)
  An orc wizard (D:5)
1 creature vanquished.

Grand Total: 198 creatures vanquished

Notes
Turn   | Place    | Note
-------+----------+-------------------------------------------
     0 | D:1      | siradein the Troll Fighter began the quest for the Orb.
     0 | D:1      | Reached XP level 1. HP: 22/22 MP: 0/0
    88 | D:1      | Reached XP level 2. HP: 25/29 MP: 1/1
   352 | D:1      | Reached XP level 3. HP: 30/36 MP: 2/2
   617 | D:2      | Noticed Sigmund
   618 | D:2      | Noticed Robin
   719 | D:1      | Reached skill level 1 in Throwing
   861 | D:1      | Killed Robin
   862 | D:1      | Reached XP level 4. HP: 44/44 MP: 3/3
   890 | D:2      | Killed Sigmund
   891 | D:2      | Reached skill level 3 in Unarmed Combat
   891 | D:2      | Reached XP level 5. HP: 26/53 MP: 4/4
  1182 | D:3      | Noticed Natasha
  1194 | D:3      | Killed Natasha
  1195 | D:3      | Reached XP level 6. HP: 47/61 MP: 5/5
  1354 | D:3      | Noticed Natasha
  1362 | D:3      | Killed Natasha
  1562 | D:3      | Noticed Natasha
  1563 | D:3      | Found a faded altar of an unknown god.
  1567 | D:3      | Killed Natasha
  1686 | D:4      | Found a shimmering altar of Xom.
  1928 | D:4      | Found an iron altar of Okawaru.
  2140 | D:5      | Entered Level 5 of the Dungeon
  2307 | D:5      | Found Deeptool's Lightly-Used Armoury.
  2318 | D:5      | Reached XP level 7. HP: 67/67 MP: 6/6
  2374 | D:5      | Reached skill level 4 in Unarmed Combat
  2905 | D:5      | Noticed Menkaure
  2911 | D:5      | Killed Menkaure
  2968 | D:5      | Found a staircase to the Ecumenical Temple.
  3111 | Temple   | Entered the Ecumenical Temple
  3225 | D:6      | Noticed Maggie
  3432 | D:6      | Noticed Edmund
  3577 | D:5      | Killed Edmund
  3578 | D:5      | Reached XP level 8. HP: 77/78 MP: 7/7
  3773 | D:5      | Reached skill level 5 in Unarmed Combat
  4080 | D:6      | Found a broken altar of Ashenzari.
  4222 | D:6      | Noticed Eustachio
  4374 | D:5      | Killed Eustachio
  4375 | D:5      | Reached skill level 5 in Fighting
  4424 | D:5      | Reached skill level 5 in Dodging
  4424 | D:5      | Reached skill level 5 in Shields
  4424 | D:5      | Reached XP level 9. HP: 75/88 MP: 8/8
  4447 | D:6      | Killed Maggie
  4715 | D:7      | Reached skill level 6 in Unarmed Combat
  4913 | D:7      | Reached skill level 1 in Armour
  4965 | D:7      | Reached skill level 5 in Throwing
  5220 | D:7      | Found a snail-covered altar of Cheibriados.
  5220 | D:7      | Found a stormy altar of Qazlal.
  5220 | D:7      | Found a glowing silver altar of Zin.
  5231 | D:7      | Became a worshipper of Qazlal Stormbringer
  5424 | D:8      | Found a bloodstained altar of Trog.
  5543 | D:8      | Noticed a kobold demonologist
  5564 | D:7      | Killed a kobold demonologist
  5565 | D:7      | Reached skill level 1 in Invocations
  5684 | D:8      | Reached XP level 10. HP: 88/98 MP: 9/9
  5883 | D:8      | Noticed a two-headed ogre
  5916 | D:8      | Killed a two-headed ogre
  5991 | D:8      | Noticed a death knight
  6057 | D:8      | Identified the +1 falchion of Experimentation {freeze, rC+
                  | Will++}
  6251 | D:9      | Reached skill level 7 in Unarmed Combat
  6443 | D:9      | Found Hygeudd's Antique Weapon Boutique.
  6556 | D:9      | Noticed Harold
  6586 | D:9      | Noticed Grum
  6591 | D:9      | Slain by a troll

Illustrated notes

Levels and vault maps discovered:
D:1:      scummos_arrival_star, layout_rooms
D:2:      layout_rooms, uniq_robin, uniq_sigmund
D:3:      layout_rooms, shapermc_ecumenical_altar_mp_highgroup, uniq_natasha
D:4:      layout_loops_ring, mainiacjoe_overflow_tiny_flanked, xom_teletrap_fun
D:5:      layout_basic, minmay_temple_entry_poolview, hangedman_decor_growths,
          minmay_shop_damaged, minmay_misc_feat_more_columns, goddamned_bats,
          uniq_menkaure
D:6:      layout_rooms, mainiacjoe_overflow_alcove_2, uniq_maggie, uniq_edmund,
          uniq_eustachio
D:7:      layout_basic, gammafunk_temple_overflow_claw
D:8:      minmay_cornered_nines, layout_rooms, mainiacjoe_overflow_paths
D:9:      layout_basic, serial_shops, nicolae_shop_window_shopping,
          nicolae_barding_shop, uniq_grum, uniq_harold
Temple:   cyrus_circular_temple

Skill      XL: |  1  2  3  4  5  6  7  8  9 10 |
---------------+-------------------------------+-----
Throwing       | 1 2 3 4 5 6 |  6.2
Fighting       | 3 4 5 6 |  6.3
Dodging        | 3 4 5 6 |  6.3
Shields        | 3 4 5 6 |  6.3
Unarmed Combat | 3 4 5 6 7 |  7.3
Armour         | 2 3 |  3.3
Invocations    | 1 2 |  2.8

Action                   |  1- 3 |  4- 6 |  7- 9 | 10-12 || total
-------------------------+-------+-------+-------+-------++-------
Melee: Unarmed           |   119 |   106 |   361 |   118 ||   704
 Fire: Hunting sling     |       |     7 |     6 |       ||    13
Throw: Dart              |       |     2 |     6 |     6 ||    14
Evoke: Wand              |       |       |     3 |       ||     3
  Use: Scroll            |       |       |     4 |       ||     4
 Stab: Sleeping          |       |       |     1 |       ||     1
Armor: Robe              |    44 |       |       |       ||    44
       Animal skin       |       |    23 |   117 |       ||   140
       Steam dragon scal |       |       |    19 |    18 ||    37
Dodge: Dodged            |    50 |    36 |   171 |    45 ||   302
Block: Kite shield       |    51 |    26 |   179 |    46 ||   302

Table legend: (Time is in decaauts)
 A = Elapsed time spent in this place.
 B = Non-inter-level travel time spent in this place.
 C = Inter-level travel time spent in this place.
 D = Time resting spent in this place.
 E = Time spent auto-exploring this place.
 F = Levels seen in this place.
 G = Mean time per level.
                   A        B        C        D        E       F      G
               +--------+--------+--------+--------+--------+-----+--------+
         Total |   6636 |   6419 |    217 |    876 |   3379 |  10 |  663.6 |
       Dungeon |   6584 |   6367 |    217 |    876 |   3345 |   9 |  731.6 |
        Temple |     51 |     51 |      0 |      0 |     34 |   1 |   51.0 |
               +--------+--------+--------+--------+--------+-----+--------+

Top non-repeatable levels by time:
     D:5: 1973 daAuts
     D:7: 834 daAuts
     D:8: 730 daAuts
     D:1: 698 daAuts
     D:3: 505 daAuts
     D:4: 503 daAuts
     D:6: 495 daAuts
     D:2: 456 daAuts
     D:9: 388 daAuts
  Temple: 51 daAuts
